 Dungeon Crawl Stone Soup version 0.30-a0-986-g7f2e898f52 (webtiles) character file.

Game seed: 6550123348250642488

3530 bande the Cleaver (level 10, -1/61 HPs)
             Began as a Gargoyle Fighter on Mar 31, 2023.
             Was a Priest of Okawaru.
             Killed by divine providence
             ... invoked by an orc priest
              (14 damage)
             ... on level 7 of the Dungeon on Apr 1, 2023.
             The game lasted 00:12:39 (7658 turns).

bande the Cleaver (Gargoyle Fighter)                Turns: 7658, Time: 00:12:41

Health: -1/61      AC: 21    Str: 25    XL:     10   Next: 8%
Magic:  13/13      EV: 10    Int:  5    God:    Okawaru [***...]
Gold:   396        SH:  6    Dex: 19    Spells: 9/9 levels left

rFire   . . .      SeeInvis .    a - +1 war axe
rCold   . . .      Faith    .    c - +0 buckler
rNeg    + . .      Spirit   .    r - +4 ring mail of Melancholy {Str+6 Int-5}
rPois   ∞          Reflect  .    q - +1 helmet
rElec   +          Rampage  .    x - +0 cloak
rCorr   .                        (no gloves)
Will    +....                    (no boots)
Stlth   +                        (no amulet)
HPRegen 0.30/turn                m - ring of willpower
MPRegen 0.13/turn                p - +6 ring of dexterity

@: no status effects
A: sickness immunity, AC +7, negative energy resistance 1, electricity
resistance, torment resistance 1, petrification resistance
a: Renounce Religion, Heroism


You were on level 7 of the Dungeon.
You worshipped Okawaru.
Okawaru was most pleased with you.
You visited 2 branches of the dungeon, and saw 8 of its levels.

You collected 396 gold pieces.

Inventory:

Hand Weapons
 a - a +1 war axe (weapon)
 h - a +0 flail
 y - a +0 war axe
Armour
 c - a +0 buckler (worn)
 q - a +1 helmet (worn)
 r - the +4 ring mail of Melancholy (worn) {Str+6 Int-5}
   (You found it on level 3 of the Dungeon)

   Str:       It affects your strength (+6).
   Int:       It affects your intelligence (-5).
 x - a +0 cloak (worn)
Jewellery
 m - a ring of willpower (left hand)
 o - a ring of wizardry
 p - a +6 ring of dexterity (right hand)
Wands
 k - a wand of charming (9)
 l - a wand of flame (45)
 v - a wand of mindburst (10)
Scrolls
 j - 2 scrolls of enchant weapon
 t - 2 scrolls of amnesia
 u - a scroll of fog
 z - a scroll of teleportation
 A - a scroll of blinking
Potions
 b - a potion of magic
 d - a potion of might
 e - a potion of lignification
 f - 6 potions of heal wounds
 g - 3 potions of haste
 i - 3 potions of curing
 n - 2 potions of cancellation
 s - a potion of flight {unknown}
 w - a potion of berserk rage {unknown}


   Skills:
 + Level 6.5 Fighting
 + Level 8.3 Axes
 + Level 6.4 Armour
 - Level 0.2 Stealth
 + Level 5.5 Shields
 * Level 4.5 Invocations
 * Level 5.0 Evocations


You had 9 spell levels left.
You didn't know any spells.
Your spell library contained the following spells:

 Spells                   Type           Power      Damage    Failure   Level
 Apportation              Tloc           0%         N/A       69%         1
 Freeze                   Ice            0%         1d3       69%         1
 Necrotise                Necr           0%         1d4       69%         1
 Frozen Ramparts          Ice            0%         1d1       96%         3
 Hailstorm                Conj/Ice       0%         3d3       96%         3
 Summon Small Mammal      Summ           Unusable   N/A       N/A         1

Dungeon Overview and Level Annotations

Branches:
Dungeon (7/15)             Temple (1/1) D:5

Altars:
Ashenzari
Dithmenos
Elyvilon
Fedhas
Hepliaklqana
Kikubaaqudgha
Makhleb
Nemelex Xobeh
Okawaru
Ru
Sif Muna
Xom


Innate Abilities, Weirdness & Mutations

You are immune to sickness and miasma.
Your stone body is resilient. (AC +7)
You are immune to poison.
You resist negative energy. (rN+)
You are resistant to electric shocks. (rElec)
You are resistant to unholy torment.
You are immune to petrification.


Message History

Your attacks no longer feel as feeble.
Items here: )) ††.
You hit the orc warrior.
The orc warrior is lightly wounded.
The orc warrior barely misses you. x2
You hit the orc warrior but do no damage.
The orc warrior is lightly wounded.
The orc warrior hits you but does no damage.
You barely miss the orc warrior.
The orc warrior is lightly wounded.
The orc priest mumbles some strange prayers to Beogh against you.
Beogh smites you! You block the orc warrior's attack.
You slash the orc warrior!
The orc warrior is moderately wounded.
The orc priest invokes the aid of Beogh against you.
Beogh smites you!
The orc warrior hits you but does no damage.
You hit the orc warrior but do no damage.
The orc warrior is moderately wounded.
The orc priest invokes the aid of Beogh against you.
Beogh smites you! The orc warrior barely misses you.
You are too injured to fight recklessly!
You are too injured to fight recklessly!
You are too injured to fight recklessly!
You are too injured to fight recklessly!
You are too injured to fight recklessly!
You are too injured to fight recklessly!
You are too injured to fight recklessly!
You are too injured to fight recklessly!
You slash the orc warrior!
The orc warrior is severely wounded.
The orc warrior hits you but does no damage.
You hit the orc warrior but do no damage.
The orc warrior is severely wounded.
The orc priest invokes the aid of Beogh against you.
Beogh smites you!
* * * LOW HITPOINT WARNING * * *
The orc priest calls down the wrath of Beogh upon you.
Beogh smites you!
You die...

##### . #...+
.o #.### ..g
#)# o... #@#
#...##o#######
+.o..goo......
#..g##o#######
#.. #.# #. #.#
# #.# ###.#
#...#


You could see an orc warrior, 2 orc priests, a gnoll and an orc.

Vanquished Creatures
  A deep elf pyromancer (D:6)
  The ghost of NagohShan the Shooter, a novice HuHu of Hepliaklqana (D:6)
  Grinder (D:3)
  Sigmund (D:3)
  Edmund (D:5)
  2 orc warriors
  A black bear (D:4)
  An ice beast (D:7)
  3 centaurs
  2 phantoms
  2 kobold brigands (D:7)
  A bullfrog (D:7)
  A scorpion (D:4)
  4 wights (D:7)
  4 killer bees (D:6)
  A howler monkey (D:4)
  A crimson imp (D:5)
  A jelly (D:6)
  4 hounds
  2 gnoll boudas (D:7)
  Crazy Yiuf (D:5)
  2 sleepcaps
  An iguana (D:5)
  6 orc wizards
  9 gnolls
  9 adders
  3 white imps
  An ufetubus (D:6)
  5 worms
  3 dart slugs
  11 orcs
  6 bats
  5 endoplasms
  2 giant cockroaches
  4 goblins
  4 hobgoblins
  10 jackals
  5 quokkas
  5 ball pythons
  7 frilled lizards
  12 kobolds
  5 rats
151 creatures vanquished.

Notes
Turn   | Place    | Note
-------+----------+-------------------------------------------
     0 | D:1      | bande the Gargoyle Fighter began the quest for the Orb.
     0 | D:1      | Reached XP level 1. HP: 14/14 MP: 1/1
   134 | D:1      | Reached XP level 2. HP: 18/19 MP: 2/2
   270 | D:1      | Reached XP level 3. HP: 24/24 MP: 3/3
   295 | D:1      | Reached skill level 2 in Axes
  1007 | D:2      | Reached XP level 4. HP: 21/29 MP: 4/4
  2049 | D:3      | Noticed Grinder
  2053 | D:3      | Paralysed by Grinder for 4 turns
  2058 | D:3      | Paralysed by Grinder for 3 turns
  2072 | D:3      | Paralysed by Grinder for 5 turns
  2080 | D:3      | Killed Grinder
  2081 | D:3      | Reached skill level 3 in Axes
  2081 | D:3      | Reached skill level 1 in Evocations
  2081 | D:3      | Reached XP level 5. HP: 25/34 MP: 5/5
  2081 | D:3      | Reached XP level 6. HP: 28/39 MP: 6/6
  2137 | D:3      | Noticed Sigmund
  2157 | D:3      | Killed Sigmund
  2158 | D:3      | Reached skill level 4 in Axes
  2158 | D:3      | Reached XP level 7. HP: 44/44 MP: 7/7
  2815 | D:3      | Identified the +4 ring mail of Melancholy {Str+6 Int-5}
  3800 | D:5      | Entered Level 5 of the Dungeon
  3824 | D:4      | Reached skill level 5 in Armour
  4244 | D:4      | Reached skill level 5 in Axes
  4276 | D:4      | Reached XP level 8. HP: 41/48 MP: 8/8
  4417 | D:5      | Reached skill level 5 in Fighting
  4487 | D:5      | Found a staircase to the Ecumenical Temple.
  4516 | D:5      | Upgraded the game from 0.30-a0-972-gf3ab3527aa to
                  | 0.30-a0-986-g7f2e898f52
  4520 | Temple   | Entered the Ecumenical Temple
  4571 | Temple   | Became a worshipper of Warmaster Okawaru
  4755 | D:5      | Noticed Edmund
  4766 | D:5      | Killed Edmund
  4767 | D:5      | Reached skill level 1 in Invocations
  5331 | D:5      | Found a runed translucent door.
  5332 | D:5      | Noticed Crazy Yiuf
  5438 | D:5      | Killed Crazy Yiuf
  5562 | D:6      | Reached skill level 6 in Axes
  5606 | D:6      | Reached * piety under Okawaru
  6066 | D:6      | Reached skill level 5 in Shields
  6066 | D:6      | Reached XP level 9. HP: 40/54 MP: 10/10
  6184 | D:6      | Found a blossoming altar of Fedhas.
  6224 | D:6      | Noticed NagohShan's ghost (novice HuHu)
  6229 | D:6      | Found a runed translucent door.
  6544 | D:6      | Noticed a deep elf pyromancer
  6549 | D:6      | Killed a deep elf pyromancer
  6549 | D:6      | Reached ** piety under Okawaru
  6550 | D:6      | Reached skill level 7 in Axes
  6734 | D:6      | Found a broken altar of Ashenzari.
  6792 | D:6      | Killed NagohShan's ghost
  7082 | D:7      | Reached skill level 8 in Axes
  7090 | D:7      | Reached *** piety under Okawaru
  7451 | D:7      | Reached XP level 10. HP: 61/61 MP: 13/13
  7515 | D:7      | Reached skill level 5 in Evocations
  7658 | D:7      | Killed from afar by an orc priest

Illustrated notes

Levels and vault maps discovered:
D:1:      giann_horns, layout_loops_ring
D:2:      layout_basic, minmay_stone_trees_medium, minmay_liquid_box
D:3:      layout_loops_corners, amcnicky_mini_rare_corridor_liquid,
          serial_park_tiny_1, grunt_decor_mini_mirrors, uniq_sigmund,
          uniq_grinder
D:4:      layout_basic, minmay_misc_feat_secret_circle
D:5:      layout_rooms, temple_doors_e, small_statue_intersection,
          minmay_fire_ice_demons, uniq_edmund, uniq_crazy_yiuf_cottage
D:6:      layout_loops_ring, mainiacjoe_overflow_swirl,
          hellmonk_ghost_happy_afterlife, guppyfry_early_elven_hall
D:7:      minmay_skewed_foursquare, layout_basic, uniq_menkaure
Temple:   regret_index_temple_chain_breaker

Skill      XL: |  1  2  3  4  5  6  7  8  9 10 |
---------------+-------------------------------+-----
Axes           | 2 3 4 5 6 8 |  8.3
Fighting       | 4 5 6 |  6.5
Armour         | 4 5 6 |  6.4
Shields        | 4 5 |  5.5
Evocations     | 1 2 3 4 5 |  5.0
Invocations    | 2 4 |  4.5
Stealth        | |  0.2

Action                     |  1- 3 |  4- 6 |  7- 9 | 10-12 || total
---------------------------+-------+-------+-------+-------++-------
  Melee: War axe           |   123 |    76 |   363 |    39 ||   601
    Use: Scroll            |       |     6 |    11 |       ||    17
 Armour: Scale mail        |    70 |    49 |    27 |       ||   146
         Ring mail         |       |       |   211 |    16 ||   227
  Dodge: Dodged            |    51 |    43 |   195 |    25 ||   314
  Block: Buckler           |    33 |    14 |   109 |     6 ||   162

Table legend: (Time is in decaauts)
 A = Elapsed time spent in this place.
 B = Non-inter-level travel time spent in this place.
 C = Inter-level travel time spent in this place.
 D = Time resting spent in this place.
 E = Time spent auto-exploring this place.
 F = Levels seen in this place.
 G = Mean time per level.
                   A        B        C        D        E       F      G
               +--------+--------+--------+--------+--------+-----+--------+
         Total |   7844 |   7691 |    153 |   1961 |   4147 |   8 |  980.5 |
       Dungeon |   7770 |   7636 |    134 |   1961 |   4117 |   7 | 1110.0 |
        Temple |     73 |     54 |     19 |      0 |     30 |   1 |   73.0 |
               +--------+--------+--------+--------+--------+-----+--------+

Top non-repeatable levels by time:
     D:6: 1356 daAuts
     D:4: 1340 daAuts
     D:2: 1216 daAuts
     D:3: 1203 daAuts
     D:5: 1075 daAuts
     D:7: 825 daAuts
     D:1: 752 daAuts
  Temple: 73 daAuts
